 Dungeon Crawl Stone Soup version 0.27.0-1-g7a089689b8 (webtiles) character file.

Game seed: 16534190699141044947

16338 dtburroughs the Fighter (level 12, -1/162 HPs)
             Began as a Minotaur Berserker on Aug 8, 2021.
             Was a High Priest of Trog.
             Slain by an elephant (12 damage)
             ... on level 2 of the Lair of Beasts.
             The game lasted 00:27:34 (10114 turns).

dtburroughs the Fighter (Minotaur Berserker)       Turns: 10114, Time: 00:27:34

Health: -1/162     AC: 20    Str: 32    XL:     12   Next: 9%
Magic:  11/11      EV: 11    Int:  7    God:    Trog [*****.]
Gold:   1046       SH:  7    Dex: 10    Spells: 11/11 levels left

rFire    + . .     SeeInvis .   D - +6 morningstar "Doetriykk" {elec, rPois rF+ Str+2}
rCold    + . .     Faith    .   k - +1 buckler {AC+3}
rNeg     . . .     Spirit   .   F - +0 plate armour
rPois    +         Reflect  .   (helmet restricted)
rElec    .         Harm     .   y - scarf {shadows}
rCorr    .         Rampage  .   B - +1 pair of gloves
Will     ++...                  (no boots)
Stlth    ..........             h - amulet of regeneration
HPRegen  2.37/turn              s - +6 ring of strength
MPRegen  0.12/turn              O - ring of protection from cold

@: berserking (expiring), strong-willed, regenerating, very quick
A: horns 2, retaliatory headbutt
a: Renounce Religion, Berserk, Trog's Hand, Brothers in Arms


You were on level 2 of the Lair of Beasts.
You worshipped Trog.
Trog was extremely pleased with you.
You visited 2 branches of the dungeon, and saw 13 of its levels.
You also visited: Ossuary and Bailey.

You collected 1046 gold pieces.

Inventory:

Hand Weapons
 w - a +0 war axe
 D - the +6 morningstar "Doetriykk" (weapon) {elec, rPois rF+ Str+2}
   (You found it in a bailey)

   It occasionally discharges a powerful burst of electricity upon striking a
   foe.
   Str:       It affects your strength (+2).
   rF:        It protects you from fire.
   rPois:     It protects you from poison.
 K - the +9 quarterstaff of Terror {freeze, rC++ Int+3 Dex+3}
   (You found it in a bailey)

   It freezes those it strikes, dealing additional cold damage.
   It can also slow down cold-blooded creatures.
   Int:       It affects your intelligence (+3).
   Dex:       It affects your dexterity (+3).
   rC:        It greatly protects you from cold.
 Q - the +7 lajatang of Order {silver, rMut}
   (You found it on level 10 of the Dungeon)

   It inflicts extra damage upon those it strikes, and deals substantially
   increased damage to chaotic, mutated and magically transformed beings.
   rMut:      It protects you from mutation.
Missiles
 u - 5 throwing nets (quivered)
Armour
 k - a +1 buckler of protection (worn)
 y - a scarf of shadows (worn)
 B - a +1 pair of gloves (worn)
 F - a +0 plate armour (worn)
Jewellery
 d - a +6 ring of dexterity
 h - an amulet of regeneration (around neck)
 s - a +6 ring of strength (left hand)
 x - an amulet of the acrobat
 O - a ring of protection from cold (right hand)
 P - a ring of magical power
Wands
 a - a wand of charming (9)
 m - a wand of flame (57)
 v - a wand of paralysis (10)
 L - a wand of mindburst (12)
 M - a wand of iceblast (5)
Scrolls
 b - 6 scrolls of enchant armour
 c - a scroll of brand weapon {unknown}
 e - 7 scrolls of teleportation
 i - a scroll of blinking {unknown}
 l - 2 scrolls of vulnerability {unknown}
 A - a scroll of fog {unknown}
 E - a scroll of acquirement {unknown}
 G - a scroll of enchant weapon {unknown}
 N - a scroll of noise {unknown}
 R - a scroll of fear {unknown}
Potions
 f - 3 potions of heal wounds
 g - 3 potions of invisibility
 n - 2 potions of mutation {unknown}
 o - a potion of resistance {unknown}
 q - 5 potions of curing
 r - 3 potions of haste
 t - a potion of lignification {unknown}
 z - a potion of cancellation {unknown}
 C - a potion of might {unknown}
 H - a potion of ambrosia {unknown}
 I - a potion of flight {unknown}
 J - a potion of magic {unknown}


   Skills:
 + Level 10.7 Fighting
 + Level 10.7 Axes
 + Level 10.4 Armour
 + Level 9.5 Dodging
 + Level 9.8 Shields
 + Level 6.0 Evocations


You had 11 spell levels left.
You didn't know any spells.
Your spell library was empty.

Dungeon Overview and Level Annotations

Branches:
Dungeon (11/15)            Temple (0/1) D:4            Lair (2/6) D:9
Ossuary (visited)          Bailey (visited)
  Swamp: Lair:2-4    Shoals: Lair:2-4     Snake: Lair:2-4    Spider: Lair:2-4
    Orc: D:9-12

Altars:
Dithmenos
Xom

Shops:
D:4 (   D:8 :

Annotations:
D:4 3 runed translucent doors, sasquatch's ghost, amateur MiFi


Innate Abilities, Weirdness & Mutations

You have a pair of horns on your head.
You reflexively headbutt those who attack you in melee.


Message History

You block the elephant's attack.
The elephant trunk-slaps you but does no damage.
You thump the elephant! You headbutt the elephant!
The elephant is almost dead.
The elephant tramples you but does no damage.
The elephant trunk-slaps you but does no damage.
You bludgeon the elephant!! Lightning courses through the elephant!
You kill the elephant!
Trog accepts your kill.
The elephant tramples you but does no damage.
The elephant trunk-slaps you but does no damage.
The elephant tramples you.
* * * LOW HITPOINT WARNING * * *
You hold your ground!
The elephant barely misses you.
Your Evocations skill increases to level 6!
You impale the elephant!!
The elephant is almost dead.
The elephant tramples you!
* * * LOW HITPOINT WARNING * * *
You hold your ground!
The elephant trunk-slaps you but does no damage.
The elephant tramples you but does no damage.
The elephant trunk-slaps you but does no damage.
You hit the elephant. You headbutt the elephant.
You kill the elephant!
Trog accepts your kill. The elephant misses you.
The elephant trunk-slaps you but does no damage.
You hit the elephant. You headbutt the elephant!
The elephant is moderately wounded.
You block the elephant's attack.
The elephant trunk-slaps you but does no damage.
The elephant tramples you but does no damage.
You block the elephant's attack.
You hit the elephant.
The elephant is heavily wounded.
You block the elephant's attack.
The elephant trunk-slaps you but does no damage.
The elephant tramples you!
You die...

.....### ....
.....P.##....
............
#.....$...
#.."......
##.<......
#..###...
##Y.## ..
#@†..# ##Y..#
...## ....#
.....#
....... #..#


You could see 2 elephants.

Vanquished Creatures
  A two-headed ogre (D:10)
  3 death yaks (D:9)
  4 elephants (Lair:2)
  3 cane toads (Lair:1)
  Maggie (D:6)
  A komodo dragon (Lair:1)
  Grinder (D:6)
  Prince Ribbit (D:8)
  A wraith (D:10)
  A vampire (D:10)
  2 wyverns
  22 yaks
  3 steam dragons
  A fire bat (Bailey)
  2 vampire mosquitoes (D:10)
  Menkaure (D:6)
  2 water moccasins
  14 orc warriors
  An ice beast (D:5)
  3 black bears
  2 ogres
  7 centaurs
  Blork the orc (D:5)
  A gnoll sergeant (D:5)
  9 bullfrogs
  2 scorpions (D:6)
  A wyvern skeleton (D:6)
  A wyvern zombie (D:8)
  18 killer bees
  5 wights (D:8)
  2 howler monkeys (D:8)
  2 bullfrog zombies (D:5)
  2 centaur zombies
  2 hounds
  3 jellies
  2 gnoll shamans
  2 orc priests (D:5)
  A bullfrog skeleton (D:6)
  Terence (D:2)
  3 centaur skeletons
  3 iguanas
  6 orc wizards
  A killer bee zombie (D:9)
  8 mummies (Ossuary)
  A howler monkey zombie (D:9)
  15 gnolls
  8 adders
  A white imp (D:8)
  An ufetubus (D:5)
  An adder skeleton (D:4)
  2 worms (D:2)
  5 dart slugs
  37 orcs
  8 ball pythons
  6 bats
  4 endoplasms
  A giant cockroach (D:1)
  2 gnoll zombies (Ossuary)
  8 goblins
  3 hobgoblins
  6 jackals
  6 quokkas
  2 frilled lizards
  3 hobgoblin zombies (Ossuary)
  7 kobolds
  3 kobold zombies (Ossuary)
  A quokka skeleton (D:4)
  4 rats
288 creatures vanquished.

Vanquished Creatures (others)
  An orc (Bailey)
  A plant (Lair:1)
2 creatures vanquished.

Grand Total: 290 creatures vanquished

Notes
Turn   | Place    | Note
-------+----------+-------------------------------------------
     0 | D:1      | dtburroughs the Minotaur Berserker began the quest for the
                  | Orb.
     0 | D:1      | Reached XP level 1. HP: 19/19 MP: 0/0
    57 | D:1      | Reached XP level 2. HP: 20/27 MP: 1/1
   638 | D:1      | Reached XP level 3. HP: 29/33 MP: 2/2
   717 | D:2      | Reached ** piety under Trog
   745 | D:2      | Found a faded altar of an unknown god.
   876 | D:2      | Noticed Terence
   887 | D:2      | Killed Terence
   888 | D:2      | Reached XP level 4. HP: 41/41 MP: 3/3
  1252 | D:3      | Reached skill level 1 in Shields
  1328 | D:3      | Reached XP level 5. HP: 45/47 MP: 4/4
  1555 | D:4      | Found a staircase to the Ecumenical Temple.
  1561 | D:4      | Found Anaemnemm's Weapon Shop.
  2094 | D:4      | Found a runed translucent gate.
  2094 | D:4      | Found a runed translucent gate.
  2094 | D:4      | Found a runed translucent gate.
  2097 | D:4      | Noticed sasquatch's ghost (amateur MiFi)
  2137 | D:5      | Entered Level 5 of the Dungeon
  2155 | D:5      | Found a shimmering altar of Xom.
  2169 | D:5      | Noticed an ice beast
  2195 | D:5      | Killed an ice beast
  2196 | D:5      | Reached skill level 5 in Fighting
  2196 | D:5      | Reached skill level 5 in Axes
  2196 | D:5      | Reached XP level 6. HP: 56/56 MP: 5/5
  2221 | D:5      | Reached *** piety under Trog
  2727 | D:5      | Reached XP level 7. HP: 61/61 MP: 6/6
  2835 | D:5      | Reached skill level 5 in Armour
  3135 | D:5      | Noticed Blork the orc
  3146 | D:5      | Killed Blork the orc
  3432 | D:6      | Reached skill level 5 in Dodging
  3432 | D:6      | Reached XP level 8. HP: 63/70 MP: 7/7
  3737 | D:6      | Noticed Maggie
  3756 | D:6      | Killed Maggie
  3757 | D:6      | Reached skill level 5 in Shields
  3835 | D:6      | Noticed Menkaure
  3843 | D:6      | Killed Menkaure
  4010 | D:6      | Noticed Grinder
  4026 | D:6      | Killed Grinder
  4223 | D:7      | Reached XP level 9. HP: 52/79 MP: 8/8
  4428 | D:7      | Reached skill level 1 in Evocations
  4998 | D:8      | Noticed Prince Ribbit
  5009 | D:8      | Killed Prince Ribbit
  5086 | D:8      | Found a sand-covered staircase.
  5097 | Ossuary  | Entered an ossuary
  5107 | Ossuary  | Reached **** piety under Trog
  5421 | D:8      | Reached XP level 10. HP: 57/90 MP: 9/9
  5439 | D:8      | Found a flagged portal.
  5457 | Bailey   | Entered a bailey
  5753 | Bailey   | Reached ***** piety under Trog
  6480 | Bailey   | Identified the +6 morningstar "Doetriykk" {elec, rPois rF+
                  | Str+2}
  6484 | Bailey   | Identified the +9 quarterstaff of Terror {freeze, rC++
                  | Int+3 Dex+3}
  6697 | D:8      | Found the +2 ratskin cloak {*Rats rPois rN+ Str-1 Int-1
                  | Dex+1}
  6870 | D:8      | Found the ring of the Tortoise {AC+8}
  6944 | D:8      | Received a gift from Trog
  7020 | D:8      | Found Gexyi's Book Emporium.
  7273 | D:9      | Noticed a death yak
  7274 | D:9      | Noticed a death yak
  7275 | D:9      | Noticed a death yak
  7293 | D:9      | Killed a death yak
  7304 | D:9      | Killed a death yak
  7305 | D:9      | Reached XP level 11. HP: 56/97 MP: 10/10
  7315 | D:9      | Killed a death yak
  7407 | D:9      | Found a staircase to the Lair.
  7784 | D:9      | Reached skill level 5 in Evocations
  8004 | D:10     | Entered Level 10 of the Dungeon
  8004 | D:10     | Found the +7 lajatang of Order {silver, rMut}
  8089 | D:10     | Reached skill level 10 in Fighting
  8124 | D:10     | Reached skill level 10 in Axes
  8342 | D:10     | Noticed a two-headed ogre
  8349 | D:10     | Killed a two-headed ogre
  8470 | D:10     | Identified the +1 ring mail of Elinyx {Rampage Fly rF-
                  | Int+2}
  8660 | D:10     | Found a shadowy altar of Dithmenos.
  9088 | Lair:1   | Entered Level 1 of the Lair of Beasts
  9099 | Lair:1   | Reached skill level 10 in Armour
  9669 | Lair:1   | Found a dark tunnel.
 10108 | Lair:2   | Reached XP level 12. HP: 18/108 MP: 11/11
 10111 | Lair:2   | HP: 6/162 [elephant (10)]
 10114 | Lair:2   | Slain by an elephant

Illustrated notes

Levels and vault maps discovered:
D:1:      minmay_arrival_three_doors, layout_rooms, minmay_split_cup_small
D:2:      layout_rooms, dreamdust_ecumenical_altar_hidden_monk_grotto,
          moated_statue, minmay_pentomino_v2, uniq_terence
D:3:      layout_basic
D:4:      layout_loops_ring, minmay_temple_entry_wispy, serial_shops, shop,
          gammafunk_ghost_necromancy
D:5:      layout_gridville, mainiacjoe_overflow_cross_hatched,
          uniq_blork_the_orc
D:6:      layout_basic, uniq_maggie, uniq_menkaure, uniq_grinder
D:7:      layout_loops_cross
D:8:      minmay_weird_star, layout_rooms, serial_shops, nicolae_shop_stone,
          enter_bailey_5, lightli_ossuary_entry_decrepit_ruins, minivault_26,
          uniq_prince_ribbit1
D:9:      layout_irregular_city, dpeg_lair_monsters
D:10:     layout_loops_corners, mainiacjoe_overflow_alcove_2
D:11:     layout_cave_pools, orc_0_dummy
Lair:1:   layout_hall_layers, lightli_volcano_entry_magma_tube, st_stairs_10,
          serial_bayou_shore_a, lemuel_fruit_fields
Lair:2:   layout_chaotic_city, skrybe_swamp_entry_bodies, beast_lair_carwin_5,
          grunt_megastairs_3, uniq_harold, uniq_fannar, uniq_nergalle

Skill      XL: |  1  2  3  4  5  6  7  8  9 10 11 12 |
---------------+-------------------------------------+-----
Fighting       | 4 5 6 7 8 9 10 | 10.7
Axes           | 4 5 6 7 8 9 10 | 10.7
Armour         | 3 4 5 6 8 9 10 | 10.4
Dodging        | 3 4 5 6 7 8 9 |  9.5
Shields        | 1 2 3 4 5 7 8 9 |  9.8
Evocations     | 2 4 5 6 |  6.0

Action                   |  1- 3 |  4- 6 |  7- 9 | 10-12 || total
-------------------------+-------+-------+-------+-------++-------
Melee: Hand axe          |    76 |   156 |    85 |       ||   317
       Headbutt          |    18 |    20 |    68 |   105 ||   211
       War axe           |       |       |   197 |   422 ||   619
       Morningstar       |       |       |       |    61 ||    61
Invok: Berserk           |     2 |     2 |     4 |     2 ||    10
       Trog's Hand       |       |     2 |     3 |     2 ||     7
Evoke: Wand              |       |       |       |    12 ||    12
  Use: Scroll            |       |       |       |     7 ||     7
Armor: Animal skin       |    18 |     2 |       |       ||    20
       Ring mail         |       |    34 |       |       ||    34
       Chain mail        |       |    47 |   101 |       ||   148
       Plate armour      |       |       |    49 |   376 ||   425
Dodge: Dodged            |    44 |    87 |   114 |   348 ||   593
Block: Buckler           |     4 |    45 |    71 |   242 ||   362
